AoeStats
← EmirR6S

Black Forest

506899491Analyzed
4v4 RM · 16d ago on Sep 15, 2026· 66m 51s· 8 players
Game mode
Random Map
Map size
Large (8 player)
Population
200
Speed
Normal
Resources
Standard
Victory
Conquest
Starting age
Dark Age
Ending age
Imperial Age
RankedLock teamsTeams togetherTeam positionsShared explorationLock speedFull tech treeHidden civsTurbo modeCheats
Victory
Defeat
🇷🇴 Bohemians · Romania
905
+14
🇷🇴 Dravidians · Romania
888
+14
🇷🇴 Franks · Romania
813
+17
🇷🇴 Ethiopians · Romania
806
+18
🇨🇦 Sicilians · Canada
899
-18
🇬🇧 Bengalis · United Kingdom
858
-16
🇪🇸 Persians · Spain
820
-15
🇧🇷 Khitans · Brazil
813
-14
LucaMillz
0:40 Loom
16:08 Feudal Age
19:07 Double-Bit Axe
19:07 Horse Collar
22:24 Castle Age
23:15 Bow Saw
24:28 Wheelbarrow
28:38 Hand Cart
29:13 Heavy Plow
29:54 Gold Mining
29:57 Stone Mining
30:36 Caravan
35:00 Imperial Age
33:54 Squires
33:40 Arson
34:15 Forging
34:05 Scale Mail Armor
35:57 Gold Shaft Mining
36:04 Iron Casting
35:12 Elite Serjeant
36:18 Conscription
36:21 First Crusade
38:35 Blast Furnace
37:52 Chain Mail Armor
41:08 Plate Mail Armor
CrashTango
0:35 Loom
13:31 Feudal Age
13:52 Horse Collar
14:03 Double-Bit Axe
18:05 Wheelbarrow
19:46 Castle Age
18:43 Stone Mining
18:56 Gold Mining
19:34 Padded Archer Armor
19:29 Fletching
21:56 Hand Cart
25:47 Bow Saw
26:23 Caravan
28:20 Leather Archer Armor
29:07 Bodkin Arrow
29:22 Paiks
30:13 Gold Shaft Mining
31:25 Treadmill Crane
31:56 Fortified Wall
32:43 Town Watch
33:35 Coinage
33:34 Ballistics
36:04 Town Patrol
38:45 Imperial Age
35:58 Elite Skirmisher
36:22 Crossbowman
36:28 Man-at-Arms
36:55 Gambesons
36:36 Pikeman
37:16 Squires
37:02 Arson
38:34 Sanctity
38:27 Fervor
38:21 Murder Holes
38:37 Masonry
38:53 Town Patrol
39:22 Halberdier
40:35 Ring Archer Armor
40:06 Bracer
39:33 Elite Elephant Archer
41:24 Mahayana
41:33 Mahayana
42:47 Scale Mail Armor
42:58 Forging
45:19 Conscription
44:20 Elite Ratha (Ranged)
45:16 Gambesons
47:40 Chemistry
47:11 Architecture
46:49 Siege Engineers
46:35 Guard Tower
49:45 Chain Mail Armor
50:05 Iron Casting
52:07 Banking
51:51 Guilds
63:20 Onager
budisimion
10:21 Feudal Age
21:27 Castle Age
20:17 Horse Collar
20:24 Double-Bit Axe
20:33 Fletching
20:36 Town Watch
30:17 Ballistics
32:54 Imperial Age
32:49 Squires
34:22 Chemistry
34:44 Gold Mining
35:42 Bodkin Arrow
35:41 Loom
36:12 Pikeman
36:38 Arson
45:36 Wheelbarrow
45:06 Heavy Plow
52:24 Elite War Elephant
eliel_baia
0:29 Loom
13:31 Feudal Age
14:53 Wheelbarrow
14:07 Double-Bit Axe
14:08 Domestication
20:34 Castle Age
19:43 Scale Mail Armor
19:54 Forging
21:33 Hand Cart
21:22 Pastoralism
21:51 Bow Saw
24:59 Gold Mining
26:26 Stone Mining
28:41 Stone Shaft Mining
28:43 Iron Casting
33:06 Chain Mail Armor
34:13 Fortified Wall
33:44 Treadmill Crane
34:14 Masonry
34:25 Town Watch
35:08 Murder Holes
35:03 Arson
35:19 Squires
35:05 Gambesons
38:26 Imperial Age
36:28 Scale Barding Armor
36:36 Lamellar Armor
37:02 Caravan
37:33 Coinage
39:28 Conscription
38:31 Elite Liao Dao
39:20 Ordo Cavalry
39:48 Plate Mail Armor
39:41 Heavy Rocket Cart
40:50 Capped Ram
44:30 Transhumance
45:06 Two-Man Saw
43:29 Siege Ram
46:04 Banking
45:44 Guilds
45:27 Heated Shot
45:57 Ballistics
45:44 Siege Engineers
46:41 Chemistry
49:24 Elite Steppe Lancer
50:05 Husbandry
EmirR6S
11:21 Feudal Age
15:22 Castle Age
13:17 Double-Bit Axe
13:48 Horse Collar
16:19 Wheelbarrow
16:51 Heavy Plow
21:52 Scale Mail Armor
22:49 Treadmill Crane
27:03 Caravan
26:54 Loom
27:44 Hand Cart
29:10 Bow Saw
29:47 Scale Barding Armor
29:33 Fletching
29:43 Padded Archer Armor
32:56 Imperial Age
31:22 Town Watch
31:34 Bodkin Arrow
31:54 Leather Archer Armor
31:49 Forging
31:55 Chain Mail Armor
32:01 Chain Barding Armor
33:06 Ballistics
33:47 Chemistry
32:55 Town Patrol
32:33 Pikeman
33:14 Squires
33:00 Arson
34:18 Elite Hussite Wagon
35:41 Conscription
36:03 Masonry
35:59 Siege Engineers
36:15 Hussite Reforms
37:47 Illumination
37:39 Block Printing
38:08 Theocracy
37:58 Fervor
37:46 Houfnice
43:40 Bracer
44:10 Ring Archer Armor
52:29 Iron Casting
52:24 Plate Mail Armor
52:27 Architecture
57:56 Onager
59:22 Halberdier
61:40 Blast Furnace
64:12 Elite Skirmisher
YANNICKKO
8:56 Loom
9:38 Loom
11:25 Feudal Age
9:40 Loom
15:41 Wheelbarrow
20:43 Castle Age
21:38 Double-Bit Axe
25:03 Bow Saw
28:12 Stone Mining
31:05 Imperial Age
29:00 Hand Cart
29:27 Gold Mining
34:10 Chemistry
33:16 Siege Engineers
34:28 Scale Barding Armor
34:33 Forging
40:10 Crossbowman
42:07 Padded Archer Armor
42:45 Iron Casting
42:32 Chain Barding Armor
43:24 #83
42:25 Elite Throwing Axeman
43:36 Elite Skirmisher
45:50 Leather Archer Armor
52:34 Heavy Scorpion
53:45 Fletching
MDS Destroyer
10:42 Feudal Age
11:38 Double-Bit Axe
12:05 Double-Bit Axe
14:25 Castle Age
15:55 Wheelbarrow
16:03 Horse Collar
18:11 Bow Saw
19:29 Wheelbarrow
19:20 Heavy Plow
27:39 Hand Cart
30:49 Imperial Age
28:45 Gold Mining
29:17 Forging
29:08 Scale Mail Armor
29:19 Royal Heirs
30:49 Iron Casting
31:26 Arson
31:06 Elite Shotel Warrior
32:48 Gold Shaft Mining
33:39 Two-Man Saw
34:41 Blast Furnace
33:20 Onager
34:29 Conscription
34:13 Squires
34:40 Loom
34:42 Town Watch
35:15 Chain Mail Armor
37:01 Plate Mail Armor
36:22 Fletching
36:33 Padded Archer Armor
36:55 Ballistics
37:35 Chemistry
38:42 Siege Onager
39:36 Caravan
39:36 Elite Skirmisher
40:24 Thumb Ring
40:18 Bodkin Arrow
41:27 Crossbowman
43:47 Arbalester
45:13 Bracer
45:28 Leather Archer Armor
45:23 Siege Engineers
46:20 Torsion Engines
George Droyd
0:35 Loom
12:34 Feudal Age
17:15 Castle Age
15:49 Horse Collar
15:56 Double-Bit Axe
18:20 Heavy Plow
18:32 Bow Saw
19:13 Wheelbarrow
20:08 Stone Mining
20:08 Gold Mining
24:35 Hand Cart
26:56 Forging
26:46 Scale Mail Armor
26:51 Scale Barding Armor
28:48 Gold Mining
32:34 Imperial Age
30:28 Chain Mail Armor
30:48 Iron Casting
30:32 Man-at-Arms
30:58 Gambesons
30:58 Arson
30:34 Pikeman
31:14 Squires
32:22 Iron Casting
31:32 Long Swordsman
33:06 Medical Corps
33:07 Padded Archer Armor
32:57 Fletching
33:54 Plate Mail Armor
34:24 Blast Furnace
32:47 Two-Handed Swordsman
32:49 Halberdier
34:21 Thumb Ring
35:27 Blast Furnace
34:44 Leather Archer Armor
34:24 Bodkin Arrow
35:07 Caravan
35:35 Husbandry
34:59 Champion
37:25 Two-Man Saw
37:25 Conscription
37:48 Elite Elephant Archer
39:03 Ring Archer Armor
38:54 Chain Barding Armor
40:50 Chemistry
40:07 Bracer
41:44 Wootz Steel
44:26 Elite Skirmisher
61:54 Ballistics
Connection lost

Rejoining the realm…

Still unreachable

The connection could not be restored.

Session expired

The server has moved on; the page needs a fresh start.